 Dungeon Crawl Stone Soup version 0.32-a0-126-g9fbf7fb75a (webtiles) character file.

Game seed: 10515328820069201663

0 Nattfarinn the Magician (level 1, -1/18 HPs)
             Began as an Oni Hedge Wizard on Feb 7, 2024.
             Slain by a kobold
             ... wielding a +0 short sword
              (4 damage)
             ... on level 1 of the Dungeon.
             The game lasted 00:00:30 (162 turns).

Nattfarinn the Magician (Oni Hedge Wizard)           Turns: 162, Time: 00:00:30

Health: -1/18      AC:  3    Str: 13    XL:     1   Next: 10%
Magic:  5/5        EV:  9    Int: 15    God:
Gold:   0          SH:  0    Dex:  8    Spells: 6/7 levels left

rFire   . . .        e - +0 sling
rCold   . . .        (no shield)
rNeg    . . .        b - +0 robe
rPois   .            c - +0 hat
rElec   .            (no cloak)
rCorr   .            (gloves unavailable)
SInv    .            (boots unavailable)
Will    .....        (no amulet)
Stlth   +            (no ring)
HPRegen 0.23/turn    (no ring)
MPRegen 0.09/turn

%: no passive effects
@: no status effects
A: large, unfitting armour, horns 1, tough skin 1, double potion healing,
drunken brawling
a: no special abilities


You were on level 1 of the Dungeon.
You visited 1 branch of the dungeon, and saw 1 of its levels.

Inventory:

Hand Weapons
 a - a +0 dagger
 e - a +0 sling (weapon)
Armour
 b - a +0 robe (worn)
 c - a +0 hat (worn)
Scrolls
 f - 2 scrolls of identify {unknown}
 g - a scroll of immolation {unknown}
 h - a scroll of fog {unknown}
Potions
 d - a potion of magic


   Skills:
 + Level 0.3 Fighting
 - Level 1.7 Dodging
 - Level 1.4 Stealth
 - Level 3.6 Spellcasting
 - Level 0.8 Conjurations
 - Level 0.8 Summonings
 - Level 0.8 Translocations


You had 6 spell levels left.
You knew the following spells:

 Your Spells              Type           Power      Damage    Failure   Level
a - Magic Dart            Conj           20%        1d4       13%         1

Your spell library contained the following spells:

 Spells                   Type           Power      Damage    Failure   Level
 Slow                     Hex            8%         N/A       19%         1
 Blink                    Tloc           10%        N/A       21%         2
 Call Imp                 Summ           10%        N/A       21%         2
 Cigotuvi's Dreadful Rot  Necr/Alch/Air  4%         N/A       28%         2
 Mephitic Cloud           Conj/Alch/Air  3%         N/A       45%         3


Dungeon Overview and Level Annotations

Branches:
Dungeon (1/15)

Altars:


Innate Abilities, Weirdness & Mutations

You are too large for most types of armour.
You have a pair of small horns on your head.
You have tough skin. (AC +1)
You gain doubled healing and magic from potions.
Whenever you drink a healing potion, you attack all around you.


Message History

h - a scroll labelled IFUIMP NEUPNEZ A frilled lizard comes into view.
You shoot a sling bullet.
The sling bullet hits the frilled lizard.
You kill the frilled lizard!
No target in view!
You see here a frilled lizard corpse.
A kobold and an endoplasm come into view.
The kobold shouts!
The kobold moves out of view.
You shoot a sling bullet.
The sling bullet barely misses the endoplasm.
A kobold comes into view. It is wielding a +0 short sword.
You shoot a sling bullet.
The sling bullet hits the endoplasm but does no damage.
You shoot a sling bullet. The sling bullet hits the endoplasm.
The endoplasm is lightly wounded.
The endoplasm hits you but does no damage.
A kobold breaks down the huge gate.
The endoplasm hits you but does no damage.
Found a faded altar of an unknown god.
You shoot a sling bullet. The sling bullet hits the endoplasm.
The endoplasm is moderately wounded.
The endoplasm freezes you.
You are frozen.
An endoplasm comes into view.
You shoot a sling bullet.
The sling bullet barely misses the endoplasm.
The endoplasm hits you but does no damage.
The kobold hits you with a +0 short sword.
You shoot a sling bullet.
The sling bullet barely misses the endoplasm.
The endoplasm freezes you.
You are frozen.
The kobold hits you with a +0 short sword.
The endoplasm freezes you.
You are frozen.
* * * LOW HITPOINT WARNING * * *
The kobold hits you with a +0 short sword.
You die...

..............
##.#####....#####.#
..#...............#
##.#####.#.#''''J.#
#.......#..'''''.#
#######.#..''_''.#
#.#..'''''.#
#.##.'''KKJ###
#.####...@...###
#...>....#.....#
#.######.###.#.#
#.# #.# #.#.# #.#
#.# #.#.# #.# #.#
#.#.#
#.######.###.#.#
#.##.........#.#
#.##.###.......#


You could see 2 endoplasms and 2 kobolds.

Vanquished Creatures
  A frilled lizard (D:1)
1 creature vanquished.

Notes
Turn   | Place    | Note
-------+----------+-------------------------------------------
     0 | D:1      | Nattfarinn the Oni Hedge Wizard began the quest for the
                  | Orb.
     0 | D:1      | Reached XP level 1. HP: 16/16 MP: 5/5
   159 | D:1      | Found a faded altar of an unknown god.
   162 | D:1      | Slain by a kobold

Illustrated notes

Levels and vault maps discovered:
D:1:      minmay_arrival_nine_rooms, layout_loops_ring,
          hellmonk_ecumenical_altar_heavens_door

Action                     || total
---------------------------++-------
   Fire: Sling             ||     7
 Armour: Robe              ||     6

Table legend: (Time is in decaauts)
 A = Elapsed time spent in this place.
 B = Non-inter-level travel time spent in this place.
 C = Inter-level travel time spent in this place.
 D = Time resting spent in this place.
 E = Time spent auto-exploring this place.
 F = Levels seen in this place.
 G = Mean time per level.
                   A        B        C        D        E       F      G
               +--------+--------+--------+--------+--------+-----+--------+
         Total |    163 |    163 |      0 |      0 |    141 |   1 |  163.0 |
       Dungeon |    163 |    163 |      0 |      0 |    141 |   1 |  163.0 |
               +--------+--------+--------+--------+--------+-----+--------+

Top non-repeatable levels by time:
     D:1: 163 daAuts
